Cogmind - Beta 11 @@@ ROGUE MODE // 2022.04.18 @ 23:13:05 Player: Triffids Result: Self-destructed Performance ------------- Evolutions (1) 500 Regions Visited (2) 400 Robots Destroyed (14) 70 Value Destroyed (437) 437 Prototype IDs (0) 0 Alien Tech Used (0) 0 Bonus (0) 0 TOTAL SCORE: 1407 Bonus ------- None Cogmind --------- Core Integrity 336/400 Matter 290/300 Energy 159/250 System Corruption 0% Temperature Warning (366) Movement Core (400) Ox7 Location -9/Materials Parts ------- > --- POWER (1) -------- Ion Engine > --- PROPULSION (2) --- (None) > --- UTILITY (4) ------ Heat Sink Small Storage Unit ECM Suite Hardened Light Armor Plating > --- WEAPON (2) ------- Particle Gun Particle Gun > --- INVENTORY (8) ---- Improved Ion Engine Aluminum Leg Aluminum Leg Improved Terrain Scanner Terrain Scan Processor Light Armor Plating Medium Laser Particle Gun Peak State ------------ > --- POWER ------------ Ion Engine > --- PROPULSION ------- Aluminum Leg Aluminum Leg > --- UTILITY ---------- Heat Sink Small Storage Unit ECM Suite Hardened Light Armor Plating > --- WEAPON ----------- Beam Rifle Particle Gun > --- INVENTORY -------- Improved Ion Engine Aluminum Leg Aluminum Leg Improved Terrain Scanner Terrain Scan Processor Light Armor Plating Medium Laser Medium Laser [Rating: 13] Favorites ----------- Power Ion Engine Engine Ion Engine Propulsion Aluminum Leg Leg Aluminum Leg Utility Small Storage Unit Device Heat Sink Storage Small Storage Unit Protection Light Armor Plating Weapon Medium Laser Energy Gun Medium Laser Build | -11 -10 -9 ------- Run | Scr Mat Mat Slots Evolved 2 | . . 2 Power . | . . . Propulsion . | . . . Utility 2 | . . 2 Weapon . | . . . Parts Attached 18 | 6 2 10 Power 2 | 1 . 1 Engine 2 | 1 . 1 Core . | . . . Reactor . | . . . Propulsion 5 | 2 1 2 Treads . | . . . Leg 5 | 2 1 2 Wheel . | . . . Hover . | . . . Flight . | . . . Utility 6 | 1 1 4 Device 3 | . 1 2 Storage 1 | 1 . . Processor . | . . . Hackware . | . . . Protection 2 | . . 2 Artifact . | . . . Weapon 5 | 2 . 3 Energy Gun 5 | 2 . 3 Energy Cannon . | . . . Ballistic Gun . | . . . Ballistic Cannon . | . . . Launcher . | . . . Special Weapon . | . . . Impact Weapon . | . . . Slashing Weapon . | . . . Piercing Weapon . | . . . Special Melee Weapon . | . . . Unidentified Prototypes . | . . . Parts Lost 2 | . . 2 Power . | . . . Propulsion 2 | . . 2 Utility . | . . . Weapon . | . . . Highest Loss Streak 2 | . . 2 To Critical Strikes . | . . . Average Slot Usage (%) 96 | . 94 97 Engine 12 | . 14 11 Leg 24 | . 28 21 Device 14 | . 9 19 Storage 12 | . 14 11 Protection 5 | . . 11 Energy Gun 24 | . 28 22 Naked Turns . | . . . Heaviest Build 24 | 14 15 24 Greatest Support 20 | 20 20 20 Greatest Overweight (x) 1 | 1 . 1 Average Overweight (x) . | . . . Largest Inventory Capacity 8 | 8 8 8 Average Capacity 7 | 7 8 8 Most Carried 8 | 4 8 8 Average Carried 6 | 3 5 7 Final Capacity 8 | 8 8 8 Final Carried 8 | 2 8 8 Class Distribution -------------------- 100% | Mutant Dominant Class ---------------- Mutant | -10/Materials Mutant | -9/Materials Resources | -11 -10 -9 ----------- Run | Scr Mat Mat Matter Collected 360 | 258 22 80 Remotely . | . . . Salvage Created 589 | . 214 375 Parts 41 | . 13 28 Haulers Intercepted 2 | . 1 1 Recyclers Shooed 1 | . . 1 Parts Field Recycled . | . . . Retrieved Matter . | . . . Parts Self-Destructed . | . . . Prevented . | . . . Kills | -11 -10 -9 ------- Run | Scr Mat Mat Combat Hostiles Destroyed 10 | . 3 7 Guns 10 | . 3 7 Classes Destroyed 5 | . 3 2 Tunneler 1 | . . 1 Hauler 2 | . 1 1 Watcher 1 | . 1 . Grunt 6 | . 3 3 Sentry 4 | . . 4 Best Kill Streak 2 | . 2 2 Combat Bots Only 2 | . 2 2 Max Kills in Single Turn 1 | . 1 1 Gunslinging . | . . . Exploded . | . . . Melee . | . . . Uniques/NPCs Destroyed . | . . . Combat | -11 -10 -9 -------- Run | Scr Mat Mat Damage Taken 756 | . 219 537 Core 85 | . 21 64 Absorbed by Shields . | . . . Regen/Repaired (Parts) 50 | . 50 . Core Remaining (%) 95 | 100 91 . Volleys Fired 58 | . 25 33 Largest 2 | . 2 2 Hottest 130 | . 100 130 Shots Fired 116 | . 50 66 Gun 116 | . 50 66 Cannon . | . . . Launcher . | . . . Special . | . . . Kinetic . | . . . Thermal 116 | . 50 66 Explosive . | . . . Electromagnetic . | . . . Robot Hit Streak 11 | . 7 11 Robot Miss Streak 8 | . 8 4 Penetration Max . | . . . Secondary Targets . | . . . Shots Hit Robots 65 | . 25 40 Core Hits 30 | . 11 19 Critical Kills . | . . . Critical Parts Destroyed . | . . . Critical Strikes 5 | . 2 3 Burn 5 | . 2 3 Melee Attacks . | . . . Impact . | . . . Slashing . | . . . Piercing . | . . . Sneak Attacks . | . . . Combat Hostiles . | . . . Follow-up Attacks . | . . . Damage Inflicted 864 | . 311 553 Guns 864 | . 311 553 Cannons . | . . . Explosions . | . . . Melee . | . . . Ramming . | . . . Kinetic . | . . . Thermal 864 | . 311 553 Explosive . | . . . Electromagnetic . | . . . Impact . | . . . Slashing . | . . . Piercing . | . . . Highest Corruption . | . . . Average Corruption . | . . . Corruption Purged . | . . . Corruption Blocked . | . . . Overload Shots . | . . . Overflow Damage . | . . . Projectiles . | . . . Explosions . | . . . Melee . | . . . Knockbacks . | . . . Impact . | . . . Kinetic . | . . . Secondary . | . . . Self-Inflicted Damage . | . . . Shots . | . . . Rammed . | . . . Targets Rammed . | . . . Kicked . | . . . Crushed . | . . . Highest Temperature 366 | . 129 366 Average Temperature 56 | . 33 75 Received Heat Transfer 381 | . 111 270 Siege Activations . | . . . Robots Corrupted . | . . . Combat Hostiles . | . . . Parts Fried . | . . . Impact Corruptions . | . . . Robots Melted . | . . . Combat Hostiles . | . . . Parts Melted 8 | . 3 5 Heat Transferred 2775 | . 1073 1702 Parts Sabotaged . | . . . Parts Stolen . | . . . Parts Stripped . | . . . Power Chain Reactions . | . . . Missiles Intercepted . | . . . Alert | -11 -10 -9 ------- Run | Scr Mat Mat Peak Influence 363 | . 157 363 Initial 66 | . . 66 Average 135 | . 94 193 Maximum Alert Level 1 | . . 1 Low Security (%) 77 | 100 100 52 Level 1 22 | . . 47 Level 2 . | . . . Level 3 . | . . . Level 4 . | . . . Level 5 . | . . . High Security . | . . . Max Security . | . . . Squads Dispatched 3 | . 1 2 Investigation . | . . . Extermination . | . . . Reinforcement 3 | . 1 2 Assault . | . . . Garrison . | . . . Intercept . | . . . Searches Triggered . | . . . Construction Impeded . | . . . Haulers Reinforced . | . . . Active Scanning Responses . | . . . Cargo Convoy Interrupts . | . . . Stealth | -11 -10 -9 --------- Run | Scr Mat Mat Distress Signals 1 | . . 1 Communications Jammed . | . . . Distress Signals . | . . . Times Spotted 26 | . 9 17 Peak Tracking Total 7 | . 2 7 Tactical Retreats 2 | . . 2 Traps | -11 -10 -9 ------- Run | Scr Mat Mat Traps Triggered 1 | . 1 . Indirectly . | . . . Trap Hack Attempts . | . . . Triggered . | . . . Disarmed . | . . . Reprogrammed . | . . . Reused . | . . . Traps Extracted . | . . . Installed . | . . . Triggered . | . . . Machines | -11 -10 -9 ---------- Run | Scr Mat Mat Machines Disabled . | . . . Max in Single Turn . | . . . Machines Sabotaged . | . . . Garrisons Compromised . | . . . Overloaded Fab Kills . | . . . Hacking | -11 -10 -9 --------- Run | Scr Mat Mat Machines Accessed 8 | . 2 6 Terminals 7 | . 1 6 Fabricators . | . . . Repair Stations 1 | . 1 . Recycling Units . | . . . Scanalyzers . | . . . Garrison Access . | . . . Total Hacks 31 | . 4 27 Successful 16 | . 3 13 Failed 15 | . 1 14 Catastrophic 5 | . . 5 Database Lockouts . | . . . Manual 24 | . 1 23 Terminals 29 | . 2 27 Fabricators . | . . . Repair Stations 2 | . 2 . Recycling Units . | . . . Scanalyzers . | . . . Garrison Access . | . . . Terminal Hacks 9 | . . 9 Record 1 | . . 1 Robot Analysis 2 | . . 2 Level Access Points 1 | . . 1 Emergency Access Points 1 | . . 1 Terminal Index 1 | . . 1 Locate Traps 2 | . . 2 Zone Layout 1 | . . 1 Fabricator Hacks . | . . . Repair Station Hacks 2 | . 2 . Scan Component 1 | . 1 . Repair 1 | . 1 . Recycling Unit Hacks . | . . . Scanalyzer . | . . . Garrison Access Hacks . | . . . Unauthorized Hacks 5 | . 1 4 Terminals 5 | . 1 4 Botnet 5 | . 1 4 Fabricators . | . . . Repair Stations . | . . . Recycling Units . | . . . Scanalyzers . | . . . Garrison Access . | . . . Data Cores Recovered . | . . . Used . | . . . Hacking Detections 7 | . 1 6 Full Trace Events . | . . . Feedback Events . | . . . Feedback Blocked . | . . . Robot Schematics Acquired . | . . . Robots Built . | . . . Authchips . | . . . Time . | . . . Total Robot Build Rating . | . . . Part Schematics Acquired . | . . . Parts Built . | . . . Authchips . | . . . Time . | . . . Total Part Build Rating . | . . . Parts Repaired 1 | . 1 . Time 26 | . 26 . Parts Recycled . | . . . Recycled Matter . | . . . Retrieved Matter . | . . . Retrieved Components . | . . . Parts Scanalyzed . | . . . Part Schematics Acquired . | . . . Parts Damaged . | . . . Bothacking | -11 -10 -9 ------------ Run | Scr Mat Mat Used RIF Installer . | . . . Robots Hacked . | . . . Non-combat . | . . . Combat . | . . . Robot Hacks Applied . | . . . Relay Couplers Released . | . . . Fabnet Peak Effective % . | . . . Robots Rewired . | . . . Allies Hacked . | . . . Hacks Repelled . | . . . Allies | -11 -10 -9 -------- Run | Scr Mat Mat Total Allies . | . . . Largest Group . | . . . Highest-Rated Group . | . . . Highest-Rated Ally . | . . . Total Orders . | . . . Ally Attacks . | . . . Total Damage . | . . . Kills . | . . . Allies Corrupted . | . . . Allies Melted . | . . . Intel | -11 -10 -9 ------- Run | Scr Mat Mat Robot Analysis Total 2 | . . 2 Derelict Logs Recovered . | . . . Drone Launches . | . . . Drone Recoveries . | . . . Exploration | -11 -10 -9 ------------- Run | Scr Mat Mat Turns Passed 842 | 58 378 406 Spaces Moved 467 | 44 235 188 Core 14 | 14 . . Treads . | . . . Legs 453 | 30 235 188 Wheels . | . . . Hover . | . . . Flight . | . . . Fastest Speed 50 | 50 120 120 Average Speed 129 | 105 120 147 Slowest Speed 190 | 120 120 190 Overloaded Moves . | . . . Propulsion Burnouts . | . . . Robots Hopped . | . . . Cave-ins Triggered . | . . . Exploration Rate (%) 21 | 3 37 24 Regions Visited 2 Branch Regions . Pre-discovered Areas . | . . . Known Exits Taken . | . . . Unknown Exits Taken 2 | 1 1 . Scrap Searched . | . . . Spaces Dug . | . . . Terrain Destroyed . | . . . Melee . | . . . Projectile . | . . . AOE . | . . . Terrain Rammed . | . . . Walls Destroyed . | . . . Machines Disabled . | . . . Actions | -11 -10 -9 --------- Run | Scr Mat Mat Total 591 | 53 282 256 Wait 19 | . 11 8 Move 465 | 43 234 188 Hop . | . . . Pick Up 18 | 4 8 6 Fast Attach 6 | 4 1 1 Attach 3 | 2 . 1 Detach . | . . . Swap 9 | . 1 8 Drop 13 | . 2 11 Fire 58 | . 25 33 Melee . | . . . Ram . | . . . Kick . | . . . Crush . | . . . Escape Stasis . | . . . Rewire . | . . . Trap . | . . . Miscellaneous . | . . . Route ------- -11/Scrapyard -10/Materials (discovered 2 exits: *Mat / [*Min]) -9/Materials (discovered 3 exits: Mat x3) History --------- Turn | Location | Event 10 | -11/Scrapyard | Discovered new exit (range 15) 59 | -11/Scrapyard | Entered Materials 148 | -10/Materials | Discovered new exit (range 7) 306 | -10/Materials | Build established: Mutant 320 | -10/Materials | Discovered new exit (range 3) 397 | -10/Materials | Repaired Lgt. Armor Plating 437 | -10/Materials | Entered another Materials area 437 | -9/Materials | Evolved 2 slots: Utility x2 694 | -9/Materials | Identified exit to Materials 843 | -9/Materials | Self-destructed Last Messages --------------- Awaiting botnet instructions. 00694_ K-01 Serf collects debris. 00697_ K-01 Serf cleans the Terminal. 00753_ ALERT: Hostiles spotted, dispatching reinforcements to Terminal M005. 00769_ Critical hit (Burn: +37). 00772_ Y-45 Defender destroyed. 00781_ Dropped Lgt. Armor Plating. 00781_ Acquired Lgt. Armor Plating. 00781_ Acquired 10 matter. 00793_ Dropped Med. Laser. 00796_ Dropped Beam Rifle. 00799_ Dropped Med. Laser. 00799_ Acquired Particle Gun. 00823_ G-34 Mercenary destroyed. 00828_ Y-45 Defender suffers critical hit (Burn). 00832_ Aluminum Leg destroyed. 00837_ Imp. Ion Engine melted. 00837_ Y-45 Defender destroyed. 00841_ Aluminum Leg destroyed. Map ----- +----------------------------------------------------+ | # """ ## ##### ##### | | # ## ####???#######???## | | ##########^ ""#???????????????? | | # ?#^ T"#???????????????? | | ?""" ?# ^ ""#???????????????? | | #""" # "T" ###???????????????? | | #""" # """ #???????????????? | | # + +????????????????? | | # /// # #????????????????? | | # /// ### #### #????????????????? | | # * ///???# #??# #????????????????? | | # ???# #??? #????????????????? | | ### ########+#### #????????????????? | | ??#????# *! # #????????????????? | | ???????# !%""" # #????????????????? | | ???????# =""" # #????????????????? | | ???????# ! """ + #????????????????? | | ???????# # ????????????????? | | ???????# # ????????????????? | | ???????#[[[ #? ????????????????? | | ???????#[ [ #?? ##???????????????? | | ???????#[[ [ #???#????????????????? | | ???????#######/##????????????????????? | | ?????????????#%#?????????????????????? | | ??????########g##????????????????????? | | ??????# ! =@ #????????????????????? | | ??????# [%[ ""#????????????????????? | | ??????# ! T"#????????????????????? | | ?????# """ g""#????????????????????? | | ?????## """ g #????????????????????? | | ??????# """ +????????????????????? | | ??????# # ???????????????????? | | ??????? ! #????????????????????? | | ???????##########????????????????????? | | ?????????????????????????????????????? | | ?????????????????????????????????????? | | ?????????????????????????????????????? | | ?????????????????????????????????????? | | ?????????????????????????????????????? | | ?????????????????????????????????????? | | ?????????????????????????????????????? | | ?????????????????????????????????????? | | ?????????????????????????????????????? | | ?????????????????????????????????????? | | ?????????????????????????????????????? | | ?????????????????????????????????????? | | ?????????????????????????????????????? | | ?????????????????????????????????????? | | ?????????????????????????????????????? | | ?????????????????????????????????????? | +----------------------------------------------------+ Best States ------------- Heat Dissipation 38 Energy Generation 10 Energy Capacity 250 Matter Stores 300 Matter Capacity 300 Sight Range 16 Terrain Scan Density 10 ECM Strength 1 Armor Coverage 150 Evasion (%) 55 Item Schematics ----------------- None Robot Schematics ------------------ None Fabricated ------------ Nothing Alien Tech Used ----------------- None Achievements -------------- None Challenges ------------ None Game ------ Seed SkeletonAssaultNanosword Manual? 0 Play Time 00:15:10 Cumulative 110.0 hours Start 2022.03.25 @ 11:17:22 End 2022.04.18 @ 23:13:05 Sessions 3 Manual Loads 0 Difficulty Rogue Special Mode None Game No. 133 Rogue 133 Adventurer 0 Explorer 0 Win Type - Total 0 Types 0/0/0/0/0/0/0/0/0 Lore% 41 Gallery% 42 Achievement% 31 Wizard Run 0 Options --------- ASCII 0 Keyboard 1 Movement Vi Keybinds 0 Fullscreen 0 Font 20/SmallcapsGlow Map View 76x50 Tactical HUD 1 Map Filters NONE Filters NONE Steam 1 RUN: 7031fdaf-22a8-4545-9c2f-a3c6f07429bf